 Dungeon Crawl Stone Soup version 0.28-a0-268-g3f656e82c2 (webtiles) character file.

Game seed: 6031986908227267001

4088 Malachi the Tainter (level 10, -2/65 HPs)
             Began as an Octopode Venom Mage on Aug 28, 2021.
             Was an Initiate of Kikubaaqudgha.
             Shot with an arrow by a centaur (4 damage)
             ... on level 6 of the Dungeon.
             The game lasted 00:28:56 (11305 turns).

Malachi the Tainter (Octopode Venom Mage)          Turns: 11305, Time: 00:28:57

Health: -2/65      AC:  1    Str: 13    XL:     10   Next: 26%
Magic:  4/13       EV: 13    Int: 26    God:    Kikubaaqudgha [......]
Gold:   455        SH:  0    Dex: 12    Spells: 2/13 levels left

rFire   + + .      SeeInvis .   l - +9 flail of Jukkut {pain, rF+ Int+4}
rCold   . . .      Faith    .   (no shield)
rNeg    . . .      Spirit   .   (helmet restricted)
rPois   +          Reflect  .   f - amulet of regeneration
rElec   .          Harm     .   b - +6 ring of strength
rCorr   .          Rampage  .   g - ring of protection from fire
Will    .....                   p - ring of poison resistance
Stlth   ++++......              (no ring)
HPRegen 1.20/turn               (no ring)
MPRegen 0.13/turn               (no ring)
                                (no ring)
                                (no ring)

@: no status effects
A: almost no armour, amphibious, 8 rings, camouflage 1, gelatinous body 1,
(nimble swimmer 1), tentacles
a: Renounce Religion


You were on level 6 of the Dungeon.
You worshipped Kikubaaqudgha.
Kikubaaqudgha was noncommittal.
You visited 1 branch of the dungeon, and saw 9 of its levels.

You collected 455 gold pieces.

Inventory:

Hand Weapons
 a - a +2 dagger of venom
 l - the +9 flail of Jukkut (weapon) {pain, rF+ Int+4}
   (You found it on level 9 of the Dungeon)

   In the hands of one skilled in necromantic magic, it inflicts extra damage on
   living creatures.
   Int:       It affects your intelligence (+4).
   rF:        It protects you from fire.
 w - a +0 short sword of electrocution
Missiles
 c - 69 poisoned darts
 d - 3 atropa-tipped darts
Jewellery
 b - a +6 ring of strength (left tentacle)
 e - a ring of fire
 f - an amulet of regeneration (around mantle)
 g - a ring of protection from fire (right tentacle)
 m - a ring of fire
 p - a ring of poison resistance (on tentacle)
 y - a ring of ice
Wands
 j - a wand of acid (7)
 r - a wand of charming (5)
 s - a wand of polymorph (13)
Scrolls
 k - 5 scrolls of teleportation
 t - a scroll of identify
 u - a scroll of amnesia
 v - a scroll of magic mapping
Potions
 h - a potion of brilliance
 i - a potion of attraction
 n - a potion of flight
 o - a potion of lignification
 q - a potion of berserk rage
 x - a potion of curing
 z - 2 potions of haste


   Skills:
 + Level 4.3 Fighting
 + Level 4.3 Short Blades
 + Level 3.5 Maces & Flails
 + Level 2.1 Dodging
 + Level 6.7 Stealth
 - Level 2.1 Spellcasting
 - Level 5.0 Conjurations
 * Level 3.8 Necromancy
 + Level 2.1 Transmutations
 - Level 5.0 Air Magic
 - Level 10.0 Poison Magic


You had 2 spell levels left.
You knew the following spells:

 Your Spells              Type           Power      Damage    Failure   Level
a - Sting                 Tmut/Pois      100%       1d8       1%          1
b - Poisonous Vapours     Pois/Air       82%        N/A       1%          2
c - Olgreb's Toxic Radia  Pois           53%        N/A       1%          4
d - Mephitic Cloud        Conj/Pois/Air  37%        N/A       1%          3
e - Shock                 Conj/Air       100%       1d9       1%          1

Your spell library contained the following spells:

 Spells                   Type           Power      Damage    Failure   Level
 Corona                   Hex            2%         N/A       11%         1
 Ensorcelled Hibernation  Hex/Ice        4%         N/A       16%         2
 Spider Form              Tmut/Pois      17%        N/A       2%          3
 Gell's Gravitas          Tloc           1%         N/A       30%         3
 Teleport Other           Tloc           2%         N/A       30%         3
 Tukima's Dance           Hex            2%         N/A       30%         3
 Lightning Bolt           Conj/Air       14%        1d27      36%         5
 Borgnjor's Vile Clutch   Necr/Erth      6%         N/A       78%         5
 Bolt of Magma            Conj/Fire/Erth 5%         4d5       82%         5
 Dispersal                Tloc           1%         N/A       100%        6
 Shadow Creatures         Summ           N/A        N/A       100%        6


Dungeon Overview and Level Annotations

Branches:
Dungeon (9/15)             Temple (0/1) D:7
   Lair: D:8-11         Orc: D:9-12

Altars:
Cheibriados
Gozag
Kikubaaqudgha
Wu Jian

Shops:
D:1 =   D:2 (

Annotations:
D:6 exclusion: centaur, Menkaure


Innate Abilities, Weirdness & Mutations

You cannot wear most types of armour.
You are amphibious.
You can wear up to eight rings at the same time.
Your skin changes colour to match your surroundings (Stealth+).
Your rubbery body absorbs attacks. (AC +1, EV +1)
((You are camouflaged near water. (Stealth+)))
You have tentacles for arms and can constrict up to eight enemies at once.


Message History

Confirm with . or Enter, or press ? or * to list all spells.
Aiming: Poisonous Vapours (safe; 1% risk of failure)
Press: ? - help, Dir - move target, f/p - centaur
Aim: a centaur, wielding a +0 shortbow and quivering arrows (lightly wounded, very poisoned) Poisonous vapours surround the centaur!
The centaur looks as sick as possible!
Unknown command.
Casting: Poisonous Vapours (safe; 1% risk of failure)
Confirm with . or Enter, or press ? or * to list all spells.
Aiming: Poisonous Vapours (safe; 1% risk of failure)
Press: ? - help, Dir - move target, f/p - centaur
Aim: a centaur, wielding a +0 shortbow and quivering arrows (lightly wounded, extremely poisoned) Poisonous vapours surround the centaur!
The centaur looks as sick as possible!
The centaur shoots an arrow.
The arrow hits you!
The centaur shoots an arrow.
The arrow hits you!
Casting: Poisonous Vapours (safe; 1% risk of failure)
Confirm with . or Enter, or press ? or * to list all spells.
Aiming: Poisonous Vapours (safe; 1% risk of failure)
Press: ? - help, Dir - move target, f/p - centaur
Aim: a centaur, wielding a +0 shortbow and quivering arrows (moderately wounded, extremely poisoned) Poisonous vapours surround the centaur!
The centaur looks as sick as possible!
Unknown command.
Casting: Poisonous Vapours (safe; 1% risk of failure)
Confirm with . or Enter, or press ? or * to list all spells.
Aiming: Poisonous Vapours (safe; 1% risk of failure)
Press: ? - help, Dir - move target, f/p - centaur
Aim: a centaur, wielding a +0 shortbow and quivering arrows (moderately wounded, extremely poisoned) Poisonous vapours surround the centaur!
The centaur looks as sick as possible!
The centaur shoots an arrow.
The arrow hits you!
* * * LOW HITPOINT WARNING * * *
You feel better.
The centaur shoots an arrow.
The arrow hits you.
* * * LOW HITPOINT WARNING * * *
The centaur shoots an arrow.
The arrow hits you!
* * * LOW HITPOINT WARNING * * *
Aiming: Charm
Press: ? - help, Shift-Dir - straight line, f/p - centaur
Aim: a centaur, wielding a +0 shortbow and quivering arrows (heavily wounded, extremely poisoned, chance to affect: 46%)
The centaur resists with some effort.
The centaur shoots an arrow.
The arrow hits you.
You die...
Kikubaaqudgha rasps: "You have failed me!
Welcome... death!"

... . . .. .. .. .. ..
... .## .. .... .. ..
.....#.#### ..
..........########### .
.......@$...........#
...........c........#
...................>.#
#. .
...............c....#
..
......................#
..
......................#
.
......................#
.
.h...#.###............#
...
........#..#.......(..#


You could see a centaur (extremely poisoned).

Vanquished Creatures
  A two-headed ogre (D:7)
  A kobold demonologist (D:9)
  A wyvern (D:8)
  2 steam dragons (D:9)
  2 sky beasts (D:9)
  A black bear (D:4)
  2 ogres
  A necrophage (D:8)
  4 centaurs
  A kobold brigand (D:6)
  A gnoll sergeant (D:8)
  A bullfrog (D:7)
  2 scorpions
  A wyvern skeleton (D:7)
  A water moccasin skeleton (D:4)
  7 wights
  4 howler monkeys
  A bullfrog zombie (D:6)
  A centaur zombie (D:8)
  A centaur skeleton (D:7)
  A gnoll shaman (D:5)
  A hound (D:6)
  5 orc priests
  Jessica (D:3)
  7 orc wizards
  3 iguanas
  11 gnolls
  5 adders
  3 shadow imps
  2 adder skeletons (D:4)
  2 worms
  2 dart slugs (D:3)
  20 orcs
  5 endoplasms
  A giant cockroach (D:2)
  6 goblins
  4 hobgoblins
  4 jackals (D:1)
  12 kobolds
  7 quokkas
  4 ball pythons
  4 bats
  3 frilled lizards
  4 rats
153 creatures vanquished.

Vanquished Creatures (collateral kills)
  A water moccasin (D:8)
  2 orc warriors (D:8)
  A kobold brigand (D:8)
  4 orcs (D:8)
  3 kobolds (D:8)
11 creatures vanquished.

Vanquished Creatures (others)
  A sky beast (D:9)
  A plant (D:1)
2 creatures vanquished.

Grand Total: 166 creatures vanquished

Notes
Turn   | Place    | Note
-------+----------+-------------------------------------------
     0 | D:1      | Malachi the Octopode Venom Mage began the quest for the
                  | Orb.
     0 | D:1      | Reached XP level 1. HP: 11/11 MP: 3/3
   431 | D:1      | Reached skill level 4 in Poison Magic
   431 | D:1      | Reached XP level 2. HP: 17/17 MP: 1/5
   490 | D:1      | Found a faded altar of an unknown god.
  1230 | D:1      | Found Jissumat's Jewellery Boutique.
  1258 | D:1      | Learned a level 2 spell: Poisonous Vapours
  1354 | D:1      | Reached XP level 3. HP: 21/21 MP: 6/6
  1358 | D:1      | Learned a level 3 spell: Mephitic Cloud
  2292 | D:2      | Found Bypurghe's Weapon Boutique.
  2345 | D:2      | Reached XP level 4. HP: 27/27 MP: 1/7
  2900 | D:3      | Reached skill level 5 in Poison Magic
  3206 | D:3      | Reached skill level 1 in Air Magic
  3509 | D:3      | Noticed Jessica
  3519 | D:3      | Killed Jessica
  3520 | D:3      | Reached XP level 5. HP: 24/31 MP: 1/8
  4043 | D:4      | Reached skill level 1 in Short Blades
  4353 | D:4      | Noticed a black bear
  4412 | D:4      | Killed a black bear
  4413 | D:4      | Reached skill level 1 in Conjurations
  4413 | D:4      | Reached XP level 6. HP: 37/37 MP: 3/9
  4968 | D:5      | Entered Level 5 of the Dungeon
  5304 | D:5      | Reached XP level 7. HP: 42/42 MP: 4/10
  5402 | D:5      | Reached skill level 6 in Poison Magic
  5473 | D:5      | Learned a level 4 spell: Olgreb's Toxic Radiance
  6010 | D:5      | Reached skill level 1 in Fighting
  6010 | D:5      | Reached skill level 5 in Stealth
  6691 | D:6      | Noticed Menkaure
  7168 | D:6      | Reached XP level 8. HP: 31/48 MP: 2/11
  7395 | D:8      | Reached skill level 7 in Poison Magic
  7453 | D:7      | Noticed a two-headed ogre
  7618 | D:8      | Noticed a wyvern
  7628 | D:8      | Killed a wyvern
  7684 | D:8      | Got the Tome of Earthen Conjuration
  7688 | D:8      | Learned a level 1 spell: Shock
  7766 | D:8      | Reached skill level 8 in Poison Magic
  7847 | D:8      | Reached XP level 9. HP: 50/55 MP: 12/12
  8072 | D:9      | Noticed a kobold demonologist
  8281 | D:9      | Found an ornate altar of the Wu Jian Council.
  8504 | D:9      | Reached skill level 9 in Poison Magic
  8987 | D:9      | Identified the +9 flail of Jukkut {pain, rF+ Int+4}
  9467 | D:9      | Found a snail-covered altar of Cheibriados.
  9699 | D:9      | Killed a kobold demonologist
  9700 | D:9      | Reached skill level 5 in Conjurations
  9700 | D:9      | Reached skill level 1 in Necromancy
 10083 | D:8      | Reached skill level 5 in Air Magic
 10358 | D:8      | Reached skill level 10 in Poison Magic
 10542 | D:8      | Found an ancient bone altar of Kikubaaqudgha.
 10542 | D:8      | Found an opulent altar of Gozag.
 10549 | D:8      | Became a worshipper of Kikubaaqudgha
 10573 | D:7      | Found a staircase to the Ecumenical Temple.
 10607 | D:7      | Reached skill level 1 in Maces & Flails
 10689 | D:7      | Reached XP level 10. HP: 57/63 MP: 13/13
 10761 | D:7      | Killed a two-headed ogre
 11304 | D:6      | HP: 1/65 [centaur/arrow (16)]
 11305 | D:6      | Shot with an arrow by a centaur

Illustrated notes

Levels and vault maps discovered:
D:1:      zelgadis_glass_arrival_small, layout_rooms, serial_shops, shop,
          shapermc_ecumenical_altar_venn, serial_bayou_pond_b
D:2:      layout_basic, serial_shops, shop, hangedman_decor_clover_reticule
D:3:      kennysheep_six_static_rooms, layout_rooms, item_on_display_b,
          uniq_jessica
D:4:      layout_basic
D:5:      layout_basic, glass_columns_a
D:6:      layout_rooms, uniq_menkaure
D:7:      layout_rooms, minmay_temple_entry_arrows
D:8:      layout_cave_pools, gammafunk_temple_overflow_wave
D:9:      layout_long_grid, general_overflow_altar, cheibriados_altar_1,
          hangedman_misty_isle

Skill      XL: |  1  2  3  4  5  6  7  8  9 10 |
---------------+-------------------------------+-----
Poison Magic   | 4 5 6 8 10 | 10.0
Stealth        | 3 4 5 6 |  6.7
Air Magic      | 1 2 3 4 5 |  5.0
Short Blades   | 2 3 4 |  4.3
Transmutations | 2 |  2.1
Conjurations   | 1 2 4 5 |  5.0
Fighting       | 1 2 3 4 |  4.3
Necromancy     | 2 3 |  3.8
Maces & Flails | 1 3 |  3.5
Dodging        | |  2.1
Spellcasting   | |  2.1

Action                   |  1- 3 |  4- 6 |  7- 9 | 10-12 || total
-------------------------+-------+-------+-------+-------++-------
Melee: Dagger            |    26 |    60 |    66 |       ||   152
       Unarmed           |     2 |       |       |       ||     2
       Constrict         |     8 |    12 |    13 |     3 ||    36
       Tentacles         |     3 |    14 |    12 |     3 ||    32
       Flail             |       |       |    22 |    10 ||    32
 Cast: Sting             |    34 |     3 |     4 |       ||    41
       Poisonous Vapours |    20 |    32 |    49 |    19 ||   120
       Mephitic Cloud    |       |     1 |     2 |       ||     3
       Olgreb's Toxic Ra |       |       |    24 |     2 ||    26
       Shock             |       |       |    30 |       ||    30
Evoke: Wand              |       |       |       |     1 ||     1
  Use: Scroll            |     3 |     9 |    11 |     4 ||    27
       Potion            |       |       |     3 |     1 ||     4
 Stab: Sleeping          |     2 |    10 |     2 |       ||    14
       Distracted        |       |     1 |       |       ||     1
       Confused          |       |     1 |       |       ||     1
Armor: Skin              |     7 |     3 |    10 |     1 ||    21
Dodge: Dodged            |    34 |    18 |   107 |    11 ||   170

Table legend: (Time is in decaauts)
 A = Elapsed time spent in this place.
 B = Non-inter-level travel time spent in this place.
 C = Inter-level travel time spent in this place.
 D = Time resting spent in this place.
 E = Time spent auto-exploring this place.
 F = Levels seen in this place.
 G = Mean time per level.
                   A        B        C        D        E       F      G
               +--------+--------+--------+--------+--------+-----+--------+
         Total |  11302 |  10838 |    464 |   3399 |   5139 |   9 | 1255.8 |
       Dungeon |  11302 |  10838 |    464 |   3399 |   5139 |   9 | 1255.8 |
               +--------+--------+--------+--------+--------+-----+--------+

Top non-repeatable levels by time:
     D:9: 2118 daAuts
     D:5: 1870 daAuts
     D:1: 1626 daAuts
     D:2: 1428 daAuts
     D:4: 1084 daAuts
     D:8: 1071 daAuts
     D:3: 817 daAuts
     D:7: 810 daAuts
     D:6: 475 daAuts
